[Event "ICC tourney 1921 (15 5)"]
[Site "Internet Chess Club"]
[Date "2020.07.17"]
[Round "5"]
[White "sgangavarapu"]
[Black "Ksadury"]
[Result "1-0"]
[ICCResult "Black checkmated"]
[WhiteElo "1615"]
[BlackElo "1473"]
[Opening "King's Indian: fianchetto, classical main line"]
[ECO "E69"]
[NIC "KI.62"]
[Time "16:13:31"]
[TimeControl "900+5"]

1. d4 Nf6 2. c4 g6 3. g3 Bg7 4. Bg2 O-O 5. Nf3 d6 6. O-O Nbd7 7. Nc3 e5 8.
e4 c6 9. h3 Qc7 10. Be3 Ne8 11. d5 f5 12. Ng5 Nc5 13. exf5 gxf5 14. dxc6
bxc6 15. Nb5 Qd7 16. Nxd6 Nxd6 17. Bxc5 Rf6 18. Qe2 e4 19. h4 h6 20. Nh3 Qf7
21. Rac1 Ba6 22. b3 Nb7 23. Bd4 Rg6 24. Bxg7 Rxg7 25. Rfd1 Nc5 26. Nf4 Re8
27. Rd6 Ne6 28. Nxe6 Rxe6 29. Rcd1 Kh7 30. Rd8 e3 31. Kh2 f4 32. g4 Qf6 33.
g5 f3 34. Qd3+ Qg6 35. Bh3 Qxd3 36. R1xd3 Re5 37. Rxe3 Rge7 38. Rxe5 Rxe5
39. Rd7+ Kh8 40. Rxa7 hxg5 41. Rxa6 gxh4 42. Rxc6 Re2 43. Kg1 Re1+ 44. Bf1
Kg7 45. Rc7+ Kg6 46. Rc6+ Kg7 47. Rd6 h3 48. Rd4 h2+ 49. Kxh2 Rxf1 50. Kg3
Kf6 51. Kxf3 Ke5 52. Rd2 Ke6 53. Re2+ Kd7 54. Ke4 Kc7 55. f4 Rh1 56. f5 Rh4+
57. Ke5 Rh8 58. Kf6 Rh3 59. Ke7 Rh7+ 60. Kf8 Rh8+ 61. Kg7 Rh3 62. f6 Rg3+
63. Kf8 Rf3 64. f7 Rf1 65. Ke8 Rd1 66. f8=Q Rd8+ 67. Kf7 Rd7+ 68. Re7 Kc6
69. Rxd7 Kb6 70. Qd6+ Ka5 71. Ra7# {Black checkmated} 1-0

[Event "ICC tourney 1921 (15 5)"]
[Site "Internet Chess Club"]
[Date "2020.07.17"]
[Round "5"]
[White "Heliosis"]
[Black "magmamaster"]
[Result "1-0"]
[ICCResult "Black checkmated"]
[WhiteElo "1360"]
[BlackElo "1275"]
[Opening "Caro-Kann: advance variation"]
[ECO "B12"]
[NIC "CK.02"]
[Time "16:13:10"]
[TimeControl "900+5"]

1. e4 c6 2. d4 d5 3. e5 c5 4. c3 Nc6 5. Nf3 Bg4 6. Be2 e6 7. O-O Nge7 8. Be3
Nf5 9. Na3 Nxe3 10. fxe3 h6 11. Nc2 Qb6 12. Rb1 Bxf3 13. Bxf3 Be7 14. Bh5 g6
15. Bg4 h5 16. Bf3 Bg5 17. b4 c4 18. a4 Ke7 19. Kh1 h4 20. e4 Rad8 21. exd5
exd5 22. Bg4 Ke8 23. Qf3 Rh7 24. Ne3 Ne7 25. Rbe1 a5 26. b5 Kf8 27. e6 f5
28. Nxf5 gxf5 29. Bxf5 Nxf5 30. Qxf5+ Ke8 31. Qf8# {Black checkmated} 1-0

[Event "ICC tourney 1921 (15 5)"]
[Site "Internet Chess Club"]
[Date "2020.07.17"]
[Round "5"]
[White "ryanwang"]
[Black "Geode"]
[Result "1-0"]
[ICCResult "Black resigns"]
[WhiteElo "1591"]
[BlackElo "1395"]
[Opening "Ruy Lopez: closed (10...c5)"]
[ECO "C96"]
[NIC "RL.19"]
[Time "16:13:21"]
[TimeControl "900+5"]

1. e4 e5 2. Nf3 Nc6 3. Bb5 a6 4. Ba4 Nf6 5. O-O Be7 6. Re1 b5 7. Bb3 d6 8.
c3 Na5 9. Bc2 c5 10. h3 O-O 11. d4 exd4 12. cxd4 Nc6 13. Be3 Bb7 14. Nbd2
Rc8 15. d5 Ne5 16. Nxe5 dxe5 17. a4 Qd7 18. Nf3 Bd6 19. Nh4 c4 20. axb5 axb5
21. Nf5 Bb4 22. Rf1 c3 23. b3 Ra8 24. Qf3 Kh8 25. Qg3 Ne8 26. Qxe5 f6 27.
Qd4 Bd6 28. Rxa8 Bxa8 29. Qxc3 Be5 30. Bd4 Bxd4 31. Qxd4 Nd6 32. Nxd6 Qxd6
33. Ra1 h6 34. Bd3 b4 35. Ra4 Rc8 36. Bc4 Bc6 37. Ra6 Qd7 38. Qb6 Ba4 39.
Qe6 Qxe6 40. Rxe6 Bd7 41. Rb6 f5 42. e5 g5 43. e6 Be8 44. d6 Rd8 45. d7 Bxd7
46. Rd6 Kg7 47. Rxd7+ Rxd7 48. exd7 {Black resigns} 1-0

[Event "ICC tourney 1921 (15 5)"]
[Site "Internet Chess Club"]
[Date "2020.07.17"]
[Round "5"]
[White "shankar09"]
[Black "piplup0621"]
[Result "1-0"]
[ICCResult "Black resigns"]
[WhiteElo "1524"]
[BlackElo "1325"]
[Opening "Old Benoni defense"]
[ECO "B13"]
[NIC "OI.09"]
[Time "16:13:41"]
[TimeControl "900+5"]

1. d4 c5 2. e3 cxd4 3. exd4 d5 4. c3 Nc6 5. f4 Nf6 6. Nf3 Bf5 7. Be2 e6 8.
O-O Be7 9. Nbd2 Qc7 10. Ne5 h5 11. Bb5 Nd7 12. Qa4 Rc8 13. c4 f6 14. cxd5
fxe5 15. dxc6 bxc6 16. Ba6 Rb8 17. fxe5 Rb4 18. Qd1 Rxd4 19. Qf3 Qb6 20. Qf2
Qxa6 21. Nb3 Rb4 22. Bd2 Rb8 23. Qg3 Rg8 24. Rxf5 exf5 25. e6 Qb6+ 26. Be3
Nc5 27. Qg6+ Kd8 28. Rd1+ Kc7 29. Nxc5 Bxc5 30. Qf7+ {Black resigns} 1-0

[Event "ICC tourney 1921 (15 5)"]
[Site "Internet Chess Club"]
[Date "2020.07.17"]
[Round "5"]
[White "saikolli"]
[Black "JadeTooth"]
[Result "1-0"]
[ICCResult "Black forfeits on time"]
[WhiteElo "1477"]
[BlackElo "1215"]
[Opening "Ruy Lopez: Berlin defense, open variation"]
[ECO "C67"]
[NIC "RL.07"]
[Time "16:13:15"]
[TimeControl "900+5"]

1. e4 e5 2. Nf3 Nc6 3. Bb5 Nf6 4. O-O Nxe4 5. Re1 Nd6 6. Nxe5 Nxe5 7. Rxe5+
Be7 8. Ba4 O-O 9. Nc3 Ne8 10. d4 Nf6 11. Qe2 Bd6 12. Rf5 Re8 13. Qd1 Qe7 14.
Bg5 Qe6 15. Rf3 Ne4 16. Re3 Qf5 17. f3 Qxg5 18. Rxe4 Rxe4 19. Nxe4 Qh6 20.
h3 f5 21. Bb3+ Kf8 22. Nxd6 Qxd6 23. Qd3 Qf6 24. c3 d6 25. Re1 Bd7 26. f4
Bc6 27. Qc4 d5 28. Qc5+ Qd6 29. Qxd6+ cxd6 30. Kf2 Kf7 31. g4 fxg4 32. hxg4
Rg8 33. Rh1 h6 34. Rh5 g5 35. Rxh6 gxf4 36. Kf3 Ke7 37. Rh5 Bd7 38. Rh7+ Kd8
39. Rh4 Rg5 40. Kxf4 Rg7 41. Bxd5 Bc6 42. Bxc6 bxc6 43. Rh3 Rf7+ 44. Kg5 Rf2
45. Rh6 Rxb2 46. Rxd6+ Kc7 47. Rf6 Rxa2 48. Kg6 Rg2 49. g5 a5 50. Kh6 a4 51.
g6 a3 52. Rf7+ Kb6 53. Rf8 Kb7 54. Rf1 a2 55. Ra1 {Black forfeits on time}
1-0

[Event "ICC tourney 1921 (15 5)"]
[Site "Internet Chess Club"]
[Date "2020.07.17"]
[Round "5"]
[White "raghuraja"]
[Black "castle2king"]
[Result "0-1"]
[ICCResult "White forfeits on time"]
[WhiteElo "1435"]
[BlackElo "1444"]
[Opening "Nimzo-Indian: three knights variation"]
[ECO "E21"]
[NIC "NI.28"]
[Time "16:13:15"]
[TimeControl "900+5"]

1. d4 Nf6 2. c4 e6 3. Nc3 Bb4 4. Nf3 O-O 5. Bg5 d5 6. e3 b6 7. cxd5 exd5 8.
Bd3 h6 9. Bh4 Bb7 10. O-O c5 11. a3 Bxc3 12. bxc3 Nbd7 13. Ne5 g5 14. Bg3
Re8 15. Bb5 a6 16. Bxd7 Nxd7 17. Qh5 Nxe5 18. Bxe5 Re6 19. f4 Rg6 20. fxg5
Qxg5 21. Qf3 Rf8 22. Rf2 f6 23. Bd6 Rf7 24. Rb1 f5 25. dxc5 d4 26. Qf4 dxe3
27. Re2 Qxg2+ 28. Rxg2 Rxg2+ 29. Kf1 e2+ 30. Ke1 Rg1+ 31. Kxe2 Rxb1 32. Qxh6
Rb2+ 33. Kd3 Be4+ 34. Ke3 Rg2 35. Be5 Rh7 36. Qe6+ Rf7 {White forfeits on
time} 0-1

[Event "ICC tourney 1921 (15 5)"]
[Site "Internet Chess Club"]
[Date "2020.07.17"]
[Round "5"]
[White "che8642"]
[Black "Ananya22609"]
[Result "0-1"]
[ICCResult "White forfeits on time"]
[WhiteElo "1388"]
[BlackElo "1404"]
[Opening "Queen's pawn: Chigorin variation"]
[ECO "D00"]
[NIC "QP.08"]
[Time "16:13:34"]
[TimeControl "900+5"]

1. d4 d5 2. Nc3 Nf6 3. Bf4 Bf5 4. f3 e6 5. g4 Bg6 6. h4 h6 7. e3 Bd6 8. Bd3
Bxd3 9. Qxd3 Bxf4 10. exf4 a6 11. Nge2 Nc6 12. a3 Qd6 13. O-O-O O-O-O 14. g5
hxg5 15. fxg5 Nd7 16. f4 Nb6 17. f5 Nc4 18. Qf3 Rdf8 19. Qg4 Nd8 20. Rd3 Qb6
21. Nd1 Kb8 22. Nf4 Qd6 23. Re1 exf5 24. Qxf5 Nb6 25. Nc3 c6 26. Rde3 Rxh4
27. Nfe2 Ne6 28. Rd1 Nc4 29. Rf3 Rh5 30. Rg3 Qe7 31. Nf4 Rxg5 32. Rxg5 Qxg5
33. Qxg5 Nxg5 34. Rg1 f6 35. Nh5 Rf7 36. Ne2 Nd6 {White forfeits on time}
0-1

[Event "ICC tourney 1921 (15 5)"]
[Site "Internet Chess Club"]
[Date "2020.07.17"]
[Round "5"]
[White "DankMemer"]
[Black "insatiable27"]
[Result "1-0"]
[ICCResult "Black checkmated"]
[WhiteElo "1567"]
[BlackElo "1383"]
[Opening "Queen's bishop game"]
[ECO "D00"]
[NIC "QP.08"]
[Time "16:14:04"]
[TimeControl "900+5"]

1. d4 d5 2. Bf4 Nf6 3. Nf3 e6 4. e3 c5 5. c3 Nc6 6. Bd3 Bd6 7. Bg3 O-O 8.
Nbd2 Re8 9. Ne5 Qc7 10. f4 h6 11. O-O Bd7 12. Bh4 Be7 13. Qf3 c4 14. Bc2 b5
15. Bxf6 Bxf6 16. Qh5 Bc8 17. Nxf7 Rf8 18. Ne5 Bxe5 19. fxe5 Ne7 20. Rxf8+
Kxf8 21. Rf1+ Nf5 22. g4 Kg8 23. gxf5 exf5 24. Bxf5 Bxf5 25. Qxf5 Qe7 26. e4
dxe4 27. Nxe4 Qh4 28. d5 Rd8 29. e6 a5 30. d6 b4 31. e7 Rb8 32. Qf8+ Rxf8
33. exf8=Q+ Kh7 34. Qf5+ Kg8 35. cxb4 axb4 36. d7 c3 37. bxc3 bxc3 38. Nxc3
Qd4+ 39. Kh1 Qd6 40. Qf8+ Qxf8 41. Rxf8+ Kxf8 42. d8=Q+ Kf7 43. a4 Kg6 44.
a5 Kh5 45. a6 Kg4 46. a7 Kh3 47. a8=Q g5 48. Qxg5 hxg5 49. Qd5 Kh4 50. Ne4
g4 51. Qg5+ Kh3 52. Nf2# {Black checkmated} 1-0

[Event "ICC tourney 1921 (15 5)"]
[Site "Internet Chess Club"]
[Date "2020.07.17"]
[Round "5"]
[White "WCCJCS"]
[Black "hollyelf"]
[Result "0-1"]
[ICCResult "White checkmated"]
[WhiteElo "1546"]
[BlackElo "1640"]
[Opening "Ruy Lopez: closed, Bogolyubov variation"]
[ECO "C91"]
[NIC "RL.20"]
[Time "16:14:04"]
[TimeControl "900+5"]

1. e4 e5 2. Nf3 Nc6 3. Bb5 a6 4. Ba4 Nf6 5. O-O Be7 6. Re1 b5 7. Bb3 d6 8.
c3 O-O 9. d4 Bg4 10. d5 Na5 11. Bc2 c5 12. dxc6 Nxc6 13. h3 Bc8 14. Nbd2 Re8
15. Nf1 Bf8 16. Ne3 g6 17. Nd5 Nxd5 18. exd5 Ne7 19. Bg5 Bg7 20. a4 Bb7 21.
axb5 axb5 22. Bb3 f6 23. Bh4 Kh8 24. Qd3 Rxa1 25. Rxa1 Qb6 26. Ra2 Nf5 27.
Qe2 g5 28. Qe4 Bc8 29. Bc2 Kg8 30. Bxg5 fxg5 31. Nxg5 h6 32. Ne6 Bxe6 33.
dxe6 Ne7 34. Qh7+ Kf8 35. Bg6 Rc8 36. c4 bxc4 37. Ra3 c3 38. Rxc3 Rxc3 39.
bxc3 Qb3 40. Bf7 Qxc3 41. Qb1 Qc7 42. Qa1 d5 43. Qa4 Qc1+ 44. Kh2 Qf4+ 45.
Qxf4 exf4 46. g3 Be5 47. Kg2 fxg3 48. fxg3 d4 49. g4 Kg7 50. h4 Kf6 51. Kf2
Nd5 52. Ke2 Nf4+ 53. Kf3 Nxe6 54. Bxe6 Kxe6 55. Ke4 Bg7 56. Kd3 Kd5 57. Kd2
Bf6 58. h5 Ke4 59. Ke2 d3+ 60. Kd2 Bg5+ 61. Kd1 d2 62. Ke2 Kd4 63. Kd1 Kc3
64. Ke2 Kc2 65. Kf3 d1=Q+ 66. Ke4 Qxg4+ 67. Ke5 Qf4+ 68. Ke6 Qf6+ 69. Kd7
Bf4 70. Kc8 Qf7 71. Kd8 Bd6 72. Kc8 Qc7# {White checkmated} 0-1

[Event "ICC tourney 1921 (15 5)"]
[Site "Internet Chess Club"]
[Date "2020.07.17"]
[Round "5"]
[White "pangpangba"]
[Black "HenriVZ"]
[Result "1-0"]
[ICCResult "Black resigns"]
[WhiteElo "1405"]
[BlackElo "1278"]
[Opening "Scotch: Meitner variation"]
[ECO "C45"]
[NIC "SO.05"]
[Time "16:13:16"]
[TimeControl "900+5"]

1. e4 e5 2. Nf3 Nc6 3. d4 exd4 4. Nxd4 Bc5 5. Be3 Qf6 6. c3 Nge7 7. Nc2 Bb6
8. Be2 d6 9. O-O Ng6 10. Nd2 Be6 11. f4 Bd7 12. g3 Nf8 13. Nc4 Bxe3+ 14.
N2xe3 h5 15. Nd5 Qd8 16. Bf3 h4 17. g4 Ne7 18. Nxc7+ Qxc7 19. Nxd6+ Kd8 20.
Nxf7+ Ke8 21. Nxh8 Qxf4 22. Qc1 Qe5 23. Bg2 Be6 24. Qf4 Qxf4 25. Rxf4 Nh7
26. Raf1 Kd7 27. Nf7 Ng6 28. R4f3 Rf8 29. Ne5+ Nxe5 30. Rxf8 Nxf8 31. Rxf8
Bxa2 32. Rf5 Kd6 33. h3 Nc4 34. Rf7 Kc6 35. Rxg7 Nxb2 36. e5+ Kc5 37. Rxb7
a5 38. Rxb2 {Black resigns} 1-0

[Event "ICC tourney 1921 (15 5)"]
[Site "Internet Chess Club"]
[Date "2020.07.17"]
[Round "5"]
[White "funplaychess"]
[Black "ickyquarter"]
[Result "1-0"]
[ICCResult "Black resigns"]
[WhiteElo "1807"]
[BlackElo "1548"]
[Opening "QGD Slav: Soultanbéieff variation"]
[ECO "D16"]
[NIC "SL.03"]
[Time "16:13:22"]
[TimeControl "900+5"]

1. d4 d5 2. c4 c6 3. Nf3 Nf6 4. Nc3 dxc4 5. a4 e6 6. e3 c5 7. Bxc4 Nc6 8.
O-O cxd4 9. exd4 Be7 10. d5 exd5 11. Nxd5 O-O 12. Nxe7+ Qxe7 13. Bg5 Bg4 14.
Qe2 Qxe2 15. Bxe2 Ne4 16. Be3 Rfe8 17. Rfe1 Rac8 18. h3 Bf5 19. Rac1 a6 20.
Bd3 Nd6 21. Bf1 Ne4 22. Nd4 Nxd4 23. Bxd4 h6 24. g4 Bg6 25. Bg2 Rxc1 26.
Rxc1 b5 27. a5 Re6 28. h4 h5 29. gxh5 Bxh5 30. Re1 Bg6 31. f3 Nd2 32. Rxe6
fxe6 33. Kf2 b4 34. f4 Nc4 35. Bf1 Nxa5 36. Bxa6 b3 37. Bc3 Nc6 38. Ke3 Bc2
39. Bd3 Bd1 40. Bc4 Kf7 41. f5 Nd8 42. Kf4 Ke7 43. Bxg7 exf5 44. Kxf5 Nf7
45. Bf6+ Kf8 46. Be6 Nd6+ 47. Ke5 Nf7+ 48. Kd4 Nd6 49. Bd5 Nf5+ 50. Kc3 Ng3
51. Be5 Nf5 52. Bf6 Ng3 53. Bg5 Ne2+ 54. Kd2 Ng3 55. Kxd1 {Black resigns}
1-0

[Event "ICC tourney 1921 (15 5)"]
[Site "Internet Chess Club"]
[Date "2020.07.17"]
[Round "5"]
[White "saisneha"]
[Black "mutantpenguin"]
[Result "1-0"]
[ICCResult "Black checkmated"]
[WhiteElo "1546"]
[BlackElo "1288"]
[Opening "QGD: exchange, positional line"]
[ECO "D35"]
[NIC "QO.16"]
[Time "16:13:33"]
[TimeControl "900+5"]

1. d4 e6 2. c4 d5 3. Nc3 Nf6 4. cxd5 exd5 5. Bg5 Nbd7 6. e3 c6 7. Bd3 Qa5 8.
Qc2 Bb4 9. Nf3 Ne4 10. Bxe4 Bxc3+ 11. bxc3 dxe4 12. Qxe4+ Kf8 13. Qe7+ Kg8
14. Qe8+ Nf8 15. Be7 Bg4 16. Qxa8 Qxc3+ 17. Ke2 Qc2+ 18. Kf1 Qc4+ 19. Kg1 h6
20. Ne5 Qc3 21. Rf1 Be2 22. Rb1 Kh7 23. Bxf8 Qc2 24. Qxb7 Bb5 25. Re1 Rxf8
26. Qxa7 Qd2 27. Nf3 Qb2 28. Qc5 Ra8 29. Qc1 Qxa2 30. Qb1+ Qxb1 31. Rxb1 Bd3
32. Rc1 Bc2 33. h3 Ba4 34. Ne5 Rc8 35. Nxf7 Kg6 36. Ne5+ Kf6 37. Kh2 c5 38.
Ng4+ Kf5 39. Rxc5+ Rxc5 40. dxc5 h5 41. e4+ Kxe4 42. Ne3 Bc6 43. Rd1 g5 44.
Rd6 Ba8 45. Rd8 Bc6 46. Rc8 Bd7 47. Rc7 Be6 48. c6 g4 49. Ra7 gxh3 50. c7
hxg2 51. Kxg2 h4 52. Ra8 h3+ 53. Kh2 Kf3 54. c8=Q Bxc8 55. Rxc8 Kxf2 56. Nd5
Kf3 57. Kxh3 Ke4 58. Nf6+ Ke5 59. Ng4+ Kf5 60. Rc4 Kg5 61. Kg3 Kf5 62. Kf3
Kg5 63. Rc5+ Kh4 64. Rf5 Kh3 65. Rh5# {Black checkmated} 1-0

[Event "ICC tourney 1921 (15 5)"]
[Site "Internet Chess Club"]
[Date "2020.07.17"]
[Round "5"]
[White "erickzhao"]
[Black "espark"]
[Result "0-1"]
[ICCResult "White resigns"]
[WhiteElo "1350"]
[BlackElo "1699"]
[Opening "Robatsch (modern) defense"]
[ECO "B06"]
[NIC "KF.05"]
[Time "16:13:31"]
[TimeControl "900+5"]

1. e4 g6 2. d4 Bg7 3. Nf3 d6 4. Bc4 Nf6 5. Nc3 O-O 6. Bb3 Bg4 7. O-O Nc6 8.
Be3 Nd7 9. Nd5 e6 10. Nf4 Bxf3 11. gxf3 Na5 12. Nd3 Rc8 13. c3 c5 14. Ba4
Nc4 15. Bxd7 Qxd7 16. b3 Nxe3 17. fxe3 c4 18. bxc4 Rxc4 19. Qb3 Qc6 20. Rac1
Rc8 21. Rc2 Bh6 22. Re1 b5 23. Nb4 Qc7 24. Na6 Qb6 25. Nb4 a5 26. Nd3 Qc6
27. Kh1 Kg7 28. Qb2 f6 29. a3 f5 30. Nf2 Kg8 31. Qb3 Kf7 32. Rd1 a4 33. Qb2
Bxe3 34. d5 exd5 35. exd5 Qb7 36. Nh3 R4c5 37. Re2 Bh6 38. Qb4 Rxd5 39. Rde1
Re5 40. Rxe5 Qxf3+ 41. Kg1 dxe5 42. Nf2 Be3 43. Qh4 Bxf2+ 44. Qxf2 Qxf2+ 45.
Kxf2 Ke6 46. Rb1 Rxc3 47. Rxb5 Rxa3 48. Ra5 h5 49. Ra6+ Kf7 50. Ra7+ Kf6 51.
h4 Ra2+ 52. Kf3 e4+ 53. Kf4 Rf2+ 54. Kg3 Rf3+ 55. Kg2 a3 56. Ra6+ Kg7 57.
Ra7+ Kh6 58. Ra8 Rb3 59. Rh8+ Kg7 60. Ra8 Rb2+ 61. Kg3 a2 62. Kf4 Rf2+ 63.
Kg5 Rg2+ 64. Kf4 Rg4+ 65. Ke5 Rxh4 66. Rxa2 e3 67. Ra7+ Kh6 68. Kf6 Rb4 69.
Re7 f4 70. Re6 Rb5 71. Re8 Rf5+ {White resigns} 0-1

[Event "ICC tourney 1921 (15 5)"]
[Site "Internet Chess Club"]
[Date "2020.07.17"]
[Round "5"]
[White "Pinkqueens"]
[Black "VianYang"]
[Result "1-0"]
[ICCResult "Black forfeits on time"]
[WhiteElo "1374"]
[BlackElo "1257"]
[Opening "Sicilian: Canal-Sokolsky (Nimzovich-Rossolimo, Moscow) attack"]
[ECO "B51"]
[NIC "SI.01"]
[Time "16:13:14"]
[TimeControl "900+5"]

1. e4 c5 2. Nf3 d6 3. Bb5+ Nd7 4. O-O a6 5. Bxd7+ Qxd7 6. c3 Nf6 7. Re1 e5
8. d4 cxd4 9. cxd4 Qc7 10. Nc3 b5 11. a3 Bb7 12. d5 Be7 13. Be3 O-O 14. Rc1
Qb8 15. h3 Rc8 16. Qd2 Nd7 17. Red1 Bd8 18. Qd3 Bb6 19. Nh4 Bxe3 20. Qxe3
Nf6 21. Nf5 Kh8 22. Qg3 g6 23. Nh6 Rc7 24. Qg5 Qd8 25. Rd3 Ng8 26. Qd2 Nxh6
27. Qxh6 Qf8 28. Qg5 f6 29. Qg3 Qh6 30. Rdd1 Rc4 31. Qf3 Qg7 32. Ne2 Rac8
33. Qe3 R4c5 34. Ng3 Qc7 35. Ne2 Kg7 36. Rc3 Rxc3 37. Nxc3 Qc5 38. Qg3 b4
39. axb4 Qxb4 40. Rb1 a5 41. h4 Qb3 42. h5 Qc2 43. Rf1 a4 44. Nb5 Qc5 45.
Na3 Ba6 46. Re1 Qb4 47. Rb1 Qxe4 48. Rd1 Qb4 49. Rb1 Qc5 50. hxg6 hxg6 51.
Qf3 Bb7 52. Rd1 Qb4 53. Qe2 Ra8 54. Qc2 Rc8 55. Qe2 Qb3 56. Nb5 Rc2 57. Qf1
Ba6 58. Kh1 {Black forfeits on time} 1-0

[Event "ICC tourney 1921 (15 5)"]
[Site "Internet Chess Club"]
[Date "2020.07.17"]
[Round "5"]
[White "laiaswaminathan"]
[Black "Senmeesin"]
[Result "0-1"]
[ICCResult "White resigns"]
[WhiteElo "1158"]
[BlackElo "1195"]
[Opening "Ruy Lopez: four knights (Tarrasch) variation"]
[ECO "C77"]
[NIC "RL.12"]
[Time "16:14:04"]
[TimeControl "900+5"]

1. e4 e5 2. Nf3 Nc6 3. Bb5 a6 4. Ba4 Nf6 5. Nc3 b5 6. Bb3 Be7 7. O-O O-O 8.
d3 d6 9. Be3 Nb8 10. Nd5 c5 11. Nxf6+ Bxf6 12. Bd5 Ra7 13. a3 Bb7 14. Ba2
Nd7 15. b4 Ra8 16. c3 Rc8 17. Qd2 Qb6 18. Bg5 h6 19. Be3 Qc7 20. Bxh6 gxh6
21. Qxh6 Bg7 22. Qh5 Nf6 23. Qh4 c4 24. Ng5 Qd7 25. dxc4 bxc4 26. Rae1 Qg4
27. Qxg4 Nxg4 28. f3 Nf6 29. f4 exf4 30. Rxf4 Nh5 31. Rh4 Bxc3 32. Rc1 Bd2
33. Rxc4 Rxc4 34. Bxc4 Bxg5 35. Rxh5 Be3+ 36. Kf1 Kg7 37. a4 Kg6 38. Ra5 Bb6
39. Rf5 Bxe4 40. Rf4 d5 41. Bxa6 Kg5 42. g3 Be3 43. Rh4 f5 44. Ke2 Bd4 45.
b5 Bb6 46. Rh7 d4 47. Rg7+ Kf6 48. Rd7 d3+ 49. Kd2 Ke6 50. Bc8 Rxc8
{White resigns}
0-1

[Event "ICC tourney 1921 (15 5)"]
[Site "Internet Chess Club"]
[Date "2020.07.17"]
[Round "6"]
[White "JadeTooth"]
[Black "laiaswaminathan"]
[Result "1-0"]
[ICCResult "Black resigns"]
[WhiteElo "1219"]
[BlackElo "1115"]
[Opening "Ruy Lopez: exchange variation, 5.O-O"]
[ECO "C68"]
[NIC "RL.08"]
[Time "17:10:40"]
[TimeControl "900+5"]

1. e4 e5 2. Nf3 Nc6 3. Bb5 a6 4. Bxc6 dxc6 5. O-O Bg4 6. h3 Bh5 7. g4 Bg6 8.
Nxe5 Bxe4 9. Re1 Nf6 10. d3 Bd5 11. Nxc6+ Be7 12. Nxd8 Rxd8 13. Qe2 Rd7 14.
Bg5 O-O 15. Bxf6 Bxf6 16. Nc3 Re7 17. Qd2 Bc6 18. Rxe7 Bxe7 19. Re1 Bg5 20.
Qxg5 {Black resigns} 1-0

[Event "ICC tourney 1921 (15 5)"]
[Site "Internet Chess Club"]
[Date "2020.07.17"]
[Round "6"]
[White "Ananya22609"]
[Black "jvihaan"]
[Result "1-0"]
[ICCResult "Black checkmated"]
[WhiteElo "1434"]
[BlackElo "1298"]
[Opening "French: advance, Paulsen attack"]
[ECO "C02"]
[NIC "FR.03"]
[Time "17:10:40"]
[TimeControl "900+5"]

1. e4 e6 2. d4 d5 3. e5 c5 4. c3 Nc6 5. Nf3 Qb6 6. a3 cxd4 7. cxd4 Nge7 8.
b4 Nf5 9. Bb2 a5 10. b5 Na7 11. Nc3 Bd7 12. a4 Bb4 13. Rc1 Nc8 14. Be2 O-O
15. O-O Nce7 16. Bd3 Kh8 17. Bb1 Rac8 18. Qd3 Bxc3 19. Bxc3 Rc4 20. g4 Nh6
21. Qxh7# {Black checkmated} 1-0

[Event "ICC tourney 1921 (15 5)"]
[Site "Internet Chess Club"]
[Date "2020.07.17"]
[Round "6"]
[White "AwarePiece"]
[Black "tcrgm"]
[Result "0-1"]
[ICCResult "White resigns"]
[WhiteElo "1511"]
[BlackElo "1562"]
[Opening "French: Tarrasch, closed variation, main line"]
[ECO "C06"]
[NIC "FR.17"]
[Time "17:10:39"]
[TimeControl "900+5"]

1. e4 e6 2. d4 d5 3. Nd2 Nf6 4. e5 Nfd7 5. Bd3 c5 6. c3 Nc6 7. Ne2 cxd4 8.
cxd4 f6 9. f4 fxe5 10. dxe5 Qb6 11. Qb3 Nc5 12. Qc3 Nxd3+ 13. Qxd3 Nb4 14.
Qb3 Bd7 15. a3 Qa6 16. Nc3 Nd3+ 17. Kd1 Nf2+ 18. Ke1 Nxh1 19. Qd1 Bc5 20.
Qf3 Bf2+ 21. Kd1 O-O 22. g3 Ba4+ 23. b3 Bd4 24. bxa4 Nf2+ 25. Kc2 Bxc3 26.
Qxf2 Bxa1 {White resigns} 0-1

[Event "ICC tourney 1921 (15 5)"]
[Site "Internet Chess Club"]
[Date "2020.07.17"]
[Round "6"]
[White "Ajitesh20091"]
[Black "che2468"]
[Result "1-0"]
[ICCResult "Black checkmated"]
[WhiteElo "1433"]
[BlackElo "1369"]
[Opening "Sicilian: Kan, 5.Nc3"]
[ECO "B43"]
[NIC "SI.41"]
[Time "17:11:00"]
[TimeControl "900+5"]

1. e4 c5 2. Nf3 e6 3. d4 cxd4 4. Nxd4 a6 5. Nc3 b5 6. a3 Bb7 7. Be3 Qc7 8.
Qd2 Nf6 9. f3 Be7 10. Be2 O-O 11. g4 d5 12. g5 Nfd7 13. h4 dxe4 14. fxe4 Nc5
15. Bd3 Nxd3+ 16. cxd3 Bc5 17. h5 Qb6 18. Qf2 b4 19. axb4 Bxb4 20. h6 Bxc3+
21. bxc3 Qc7 22. hxg7 Qxc3+ 23. Ke2 Rc8 24. Rxh7 Kxh7 25. Rh1+ Kxg7 26. Qf6+
Kg8 27. Rh8# {Black checkmated} 1-0

[Event "ICC tourney 1921 (15 5)"]
[Site "Internet Chess Club"]
[Date "2020.07.17"]
[Round "6"]
[White "Oliver0731"]
[Black "inbha"]
[Result "1-0"]
[ICCResult "Black checkmated"]
[WhiteElo "1440"]
[BlackElo "1271"]
[Opening "Giuoco Piano"]
[ECO "C50"]
[NIC "IG.02"]
[Time "17:10:40"]
[TimeControl "900+5"]

1. e4 e5 2. Nf3 Nc6 3. Bc4 Bc5 4. O-O Nf6 5. Re1 d6 6. c3 Bg4 7. h3 Bh5 8.
g4 Nxg4 9. hxg4 Bxg4 10. Kh2 Bxf2 11. Rf1 Bh4 12. Bxf7+ Kxf7 13. Nxe5+ Ke7
14. Nxg4 h5 15. Qf3 Rf8 16. Qxf8+ Qxf8 17. Rxf8 Rxf8 18. Kh3 Be1 19. Ne3
Rf3+ 20. Kg2 Rf4 21. Nd5+ Ke6 22. Nxf4+ Ke5 23. d4+ Kxe4 24. Na3 g5 25. Ne2
g4 26. Bg5 h4 27. Rxe1 h3+ 28. Kh2 Kf3 29. Ng1+ Kf2 30. Bh4+ g3+ 31. Bxg3#
{Black checkmated}
1-0

[Event "ICC tourney 1921 (15 5)"]
[Site "Internet Chess Club"]
[Date "2020.07.17"]
[Round "6"]
[White "jnkut"]
[Black "Heliosis"]
[Result "0-1"]
[ICCResult "White resigns"]
[WhiteElo "1507"]
[BlackElo "1408"]
[Opening "two knights defense: Kieseritsky variation"]
[ECO "C58"]
[NIC "KP.01"]
[Time "17:10:40"]
[TimeControl "900+5"]

1. e4 e5 2. Nf3 Nc6 3. Bc4 Nf6 4. Ng5 d5 5. exd5 Na5 6. d3 Be7 7. O-O Nxd5
8. Qf3 Bxg5 9. Bxg5 Qxg5 10. Qxd5 Nxc4 11. Qxc4 Bh3 12. Qe4 O-O 13. Qf3 Bg4
14. Qxb7 Rab8 15. Qxc7 Rxb2 16. Qc3 Bh3 17. g3 Rb6 18. Re1 f6 19. Nd2 Rc8
20. Ne4 Rxc3 21. Nxg5 fxg5 22. Rxe5 Rxc2 23. Rae1 {White resigns} 0-1

[Event "ICC tourney 1921 (15 5)"]
[Site "Internet Chess Club"]
[Date "2020.07.17"]
[Round "6"]
[White "Kfprasanna"]
[Black "saikolli"]
[Result "0-1"]
[ICCResult "White checkmated"]
[WhiteElo "1297"]
[BlackElo "1483"]
[Opening "French: exchange variation"]
[ECO "C01"]
[NIC "FR.01"]
[Time "17:10:31"]
[TimeControl "900+5"]

1. e4 e6 2. d4 d5 3. exd5 exd5 4. Bd3 Bd6 5. Nf3 Nf6 6. Nc3 O-O 7. O-O c6 8.
Bg5 h6 9. Bxf6 Qxf6 10. h3 Bf5 11. Bxf5 Qxf5 12. Re1 Nd7 13. Ne2 Rfe8 14. c3
Re7 15. Rc1 Rae8 16. Rc2 Nf6 17. Qd2 Ne4 18. Qd3 Qg6 19. Nc1 Nf6 20. Qxg6
Rxe1+ 21. Nxe1 Rxe1# {White checkmated} 0-1

[Event "ICC tourney 1921 (15 5)"]
[Site "Internet Chess Club"]
[Date "2020.07.17"]
[Round "6"]
[White "RockroyalChess"]
[Black "otcm"]
[Result "1-0"]
[ICCResult "Black checkmated"]
[WhiteElo "1353"]
[BlackElo "1048"]
[Opening "Queen's pawn, Mason variation"]
[ECO "D00"]
[NIC "QP.08"]
[Time "17:11:00"]
[TimeControl "900+5"]

1. d4 d5 2. Bf4 Nf6 3. e3 c5 4. c3 Nc6 5. Nd2 Qb6 6. Qb3 Qxb3 7. axb3 e6 8.
h3 Bd7 9. Ngf3 Be7 10. Bd3 O-O 11. O-O Nh5 12. Bh2 Nf6 13. Ne5 Rfd8 14. f3
h6 15. Kf2 Bd6 16. Nxc6 Bxc6 17. Bxd6 Rxd6 18. dxc5 Rd7 19. b4 a6 20. b5 Rc7
21. bxc6 Rxc6 22. b4 Rd8 23. f4 Rdc8 24. Nf3 Nd7 25. Nd4 R6c7 26. Ke2 b6 27.
c6 Nb8 28. Bxa6 Nxa6 29. Rxa6 Rb8 30. b5 Kf8 31. Rfa1 Ke7 32. Ra7 Kd8 33.
Rxc7 Kxc7 34. Ra7+ Kd6 35. Nb3 f6 36. Rd7# {Black checkmated} 1-0